Map: Kairos Junction LE

Players

MaSa - Winner!

  • Race: Terran Terran
  • Spawn Location: 5:00

souL

  • Race: Terran Terran
  • Spawn Location: 11:00

Event: 2019 WCS Summer

VOD

Have the link to the VOD?

Description

Time

  • Played on: July 12, 2019, 1:21 p.m.
  • Length: 11:29

All games in this series

Show
View Real Time Build Order
Export as new Build Order

MaSa Terran - Winner!

Build Orders:  

Get SALT Encoding   

  12  0:00  SCV  
  13  0:12  SCV  
  14  0:18  Supply Depot  
  14  0:24  SCV  
  15  0:42  Barracks  
  15  0:47  Refinery  
  15  0:58  Barracks  
  15  1:01  SCV  
  16  1:13  SCV  
  17  1:29  Orbital Command, Barracks Tech Lab  
  17  1:36  Refinery  
  17  1:45  Barracks Tech Lab  
  17  1:48  Marauder  
  19  1:56  Supply Depot  
  19  2:04  Marauder  
  21  2:13  Marauder  
  23  2:17  Concussive Shells  
  23  2:19  SCV  
  24  2:28  Marauder  
  26  2:31  SCV  
  27  2:40  Marauder  
  27  2:43  SCV  
  30  2:55  SCV, Factory  
  31  3:05  Supply Depot  
  31  3:21  SCV  
  31  3:34  SCV  
  31  3:39  Command Center  
  31  3:40  Supply Depot  
  31  3:46  SCV  
  32  3:58  SCV  
  33  4:08  Factory Tech Lab  
  33  4:10  Starport, SCV  
  34  4:22  Barracks Reactor, SCV  
  35  4:27  Siege Tank  
  38  4:34  SCV  
  38  4:38  Refinery  
  39  4:46  SCV, Medivac  
  39  4:51  Orbital Command  
  42  4:58  Marine, SCV  
  42  4:59  Siege Tank, Marine  
  48  5:08  Supply Depot  
  48  5:10  SCV  
  49  5:20  SCV  
  49  5:22  SCV  
  49  5:27  Barracks Reactor  
  47  5:31  Cyclone  
  47  5:32  Viking, SCV  
  47  5:35  SCV  
  54  5:39  Viking  
  55  5:44  SCV  
  55  5:47  SCV  
  54  5:56  SCV  
  52  5:59  SCV  
  52  6:04  Viking  
  51  6:08  SCV  
  51  6:11  SCV  
  52  6:17  Marine  
  52  6:18  Marine  
  50  6:20  SCV  
  50  6:23  SCV  
  52  6:28  Viking  
  52  6:32  SCV  
  55  6:35  SCV  
  55  6:36  Viking  
  58  6:44  SCV  
  58  6:45  Marine  
  58  6:46  Marine, Barracks Tech Lab  
  61  6:47  SCV  
  59  6:56  SCV  
  59  7:01  Viking, SCV  
  57  7:06  Viking  
  58  7:09  SCV  
  58  7:13  SCV  
  60  7:21  SCV  
  59  7:25  SCV  
  54  7:30  Viking  
  54  7:33  SCV  
  54  7:36  Viking  
  59  7:37  Siege Tank, Marine, SCV  
  60  7:45  SCV  
  60  7:47  Marine x2  
  60  7:50  SCV  
  64  7:55  Marine  
  64  7:56  Stimpack  
  64  7:57  SCV  
  64  7:58  Engineering Bay  
  66  8:00  Viking  
  66  8:02  SCV  
  69  8:06  Marine  
  70  8:17  Supply Depot  
  70  8:20  Supply Depot  
  70  8:31  SCV  
  70  8:38  Marine x2  
  70  8:39  Siege Tank, Viking, Marine, SCV  
  72  8:43  SCV  
  72  8:44  Command Center  
  71  8:51  SCV  
  71  8:55  SCV  
  73  8:56  Marine  
  73  8:59  Terran Infantry Weapons Level 1  
  73  9:01  Barracks  
  74  9:03  SCV  
  74  9:07  Refinery, SCV  
  74  9:08  Supply Depot  
  76  9:11  Siege Tank, Marine x2  
  76  9:13  Liberator  
  76  9:14  Marine  
  76  9:15  SCV  
  83  9:21  SCV  
  84  9:25  Supply Depot  
  84  9:27  Engineering Bay  
  84  9:29  Marine  
  88  9:31  Liberator  
  88  9:33  SCV  
  88  9:37  Marine x2, SCV  
  92  9:42  Supply Depot  
  92  9:51  Marine  
  92  9:52  Barracks Reactor  
  96  9:53  SCV x2  
  96  9:57  Combat Shield  
  98  10:00  Orbital Command  
  98  10:04  Marine  
  98  10:05  SCV  
  100  10:09  SCV  
  100  10:11  Liberator  
  100  10:13  Siege Tank  
  104  10:17  Liberator  
  104  10:18  SCV  
  104  10:20  Armory  
  105  10:21  SCV  
  105  10:26  Marine x3  
  112  10:30  SCV  
  112  10:31  SCV  
  112  10:34  Marine  
  118  10:36  SCV  
  119  10:43  Supply Depot  
  119  10:44  Marine  
  119  10:47  Marine x3  
  123  10:52  Marine  
  124  11:02  SCV  
  125  11:04  Marine, SCV, Supply Depot  
  125  11:05  Marine x3, Supply Depot  
  133  11:17  Supply Depot  
  133  11:20  Refinery x2  
Show
View Real Time Build Order
Export as new Build Order

souL Terran 

Build Orders:  

Get SALT Encoding   

  12  0:00  SCV  
  13  0:13  SCV  
  14  0:17  Supply Depot  
  14  0:25  SCV  
  14  0:27  Refinery  
  15  0:39  SCV  
  16  0:44  Barracks  
  16  0:51  SCV  
  16  0:55  Refinery  
  17  1:03  SCV  
  18  1:15  SCV  
  19  1:31  Orbital Command  
  19  1:33  Factory  
  19  1:35  Reaper  
  20  1:47  Supply Depot  
  20  1:56  SCV  
  22  2:08  SCV  
  22  2:13  Bunker  
  23  2:16  Marine  
  23  2:20  Factory Tech Lab, SCV  
  23  2:26  Supply Depot  
  23  2:33  SCV  
  23  2:34  Marine  
  24  2:45  SCV  
  24  2:50  Siege Tank  
  28  2:51  Marine  
  28  2:57  SCV  
  30  3:01  Bunker  
  30  3:09  Marine, SCV  
  30  3:11  Starport  
  32  3:21  SCV  
  33  3:31  Supply Depot  
  33  3:32  Supply Depot  
  33  3:46  Supply Depot  
  32  3:52  Factory Tech Lab  
  32  3:53  Command Center  
  33  3:57  Banshee  
  33  4:01  SCV  
  36  4:10  Barracks Reactor  
  36  4:13  Siege Tank, SCV  
  40  4:20  Supply Depot  
  40  4:25  SCV  
  41  4:37  SCV  
  42  4:40  Raven  
  44  4:45  Refinery  
  44  4:49  SCV  
  45  4:59  Marine x2  
  45  5:00  Command Center  
  45  5:01  SCV  
  48  5:12  Cyclone  
  48  5:13  SCV  
  52  5:17  Marine  
  53  5:25  SCV  
  53  5:28  Orbital Command  
  54  5:32  Raven  
  54  5:33  Marine  
  57  5:38  SCV  
  58  5:46  Marine  
  59  5:50  Marine, SCV  
  59  5:53  Supply Depot  
  59  5:56  Siege Tank  
  64  5:58  SCV  
  64  6:02  SCV  
  65  6:10  SCV  
  62  6:14  SCV  
  59  6:23  SCV  
  60  6:28  Siege Tank  
  60  6:29  Barracks Reactor  
  60  6:32  Viking  
  65  6:34  SCV  
  65  6:37  Orbital Command, Engineering Bay  
  65  6:38  Engineering Bay, SCV  
  66  6:43  Bunker  
  66  6:46  SCV  
  67  6:50  SCV  
  67  6:58  SCV  
  67  7:00  Siege Tank  
  62  7:02  Viking, SCV  
  62  7:06  SCV  
  62  7:10  SCV  
  62  7:11  Marine  
  62  7:14  SCV  
  63  7:16  Marine  
  63  7:18  SCV  
  63  7:22  SCV  
  54  7:30  SCV  
  54  7:32  Siege Tank  
  54  7:34  SCV  
  50  7:42  SCV  
  47  7:46  Barracks  
  47  7:47  SCV  
  48  7:52  Marauder  
  48  7:53  Viking  
  51  7:58  Viking  
  51  8:04  Siege Tank  
  53  8:12  Marine  
  53  8:17  SCV  
  55  8:21  SCV  
  56  8:30  Marine  
  56  8:34  SCV  
  58  8:37  Siege Tank  
  53  8:48  Marine  
  53  8:50  Bunker  
  55  9:01  Barracks  
  54  9:04  Barracks  
  54  9:09  Siege Tank  
  57  9:12  Orbital Command  
  54  9:18  Starport Reactor  
  54  9:20  SCV  
  52  9:31  Barracks Tech Lab  
  52  9:34  Terran Infantry Weapons Level 1  
  52  9:48  Refinery x2  
  52  9:50  Barracks Reactor  
  52  9:51  Barracks Tech Lab  
  52  9:52  Marine  
  53  10:07  Barracks  
  52  10:08  Barracks  
  52  10:09  Combat Shield  
  52  10:15  Medivac  
  52  10:16  Marine  
  52  10:20  Marine  
  56  10:22  Factory Tech Lab  
  56  10:29  Marine x2  
  56  10:33  Marine  
  59  10:38  Marine  
  60  10:47  Marine x2  
  62  10:51  Marine  
  62  10:55  Marine  
  62  10:56  Marine  
  65  10:57  Medivac  
  65  10:59  Marine  
  66  11:04  Marine  
  66  11:05  Marine  
  66  11:09  Marine  
Tags
 
Add a new tag
Caveats
  • Supply blocks, unpowered buildings, or Contaminate may cause inaccurate times.
  • Supply counts are checked every 10 seconds.